 Dungeon Crawl Stone Soup version 0.29-a0-872-g797fff5ad1 (webtiles) character file.

Game seed: 366688585395742938

2815 ragingrage the Summoner (level 9, -2/39 HPs)
             Began as a Felid Summoner on Feb 3, 2022.
             Was an Initiate of Gozag.
             Killed from afar by a gargoyle (20 damage)
             ... with a stone arrow
             ... on level 10 of the Dungeon on July 18, 2022.
             The game lasted 00:32:18 (14359 turns).

ragingrage the Summoner (Felid Summoner)           Turns: 14359, Time: 00:32:18

Health: -2/39      AC:  2    Str:  4    XL:     9   Next: 44%
Magic:  26/32      EV: 19    Int: 20    God:    Gozag
Gold:   1374       SH:  0    Dex: 18    Spells: 5/27 levels left
                                        Lives:  0   Deaths: 2

rFire   . . .      SeeInvis +   (weapon unavailable)
rCold   . . .      Faith    .   (shield unavailable)
rNeg    . . .      Spirit   .   (body armour unavailable)
rPois   +          Reflect  .   (helmet unavailable)
rElec   .          Harm     .   (cloak unavailable)
rCorr   .          Rampage  .   (gloves unavailable)
Will    +....                   (boots unavailable)
Stlth   ++........              D - amulet of magic regeneration
HPRegen 0.13/turn               f - ring of magical power
MPRegen 0.63/turn               I - ring of poison resistance

@: quick
A: very small, claws 1, fangs 3, see invisible, speed 1, shaggy fur 2, stealthy
paws, no weapons or thrown items, no armour, multi-lived
a: Renounce Religion, Potion Petition, Call Merchant, Bribe Branch


You were on level 10 of the Dungeon.
You worshipped Gozag.
Gozag was most pleased with you.
You visited 1 branch of the dungeon, and saw 10 of its levels.
You also visited: Sewer, Ossuary and Bailey.

You collected 1811 gold pieces.
You spent 366 gold pieces at shops.
You paid 71 gold pieces to Gozag.

Inventory:

Jewellery
 f - a ring of magical power (left paw)
 q - a ring of fire
 D - an amulet of magic regeneration (around neck)
 I - a ring of poison resistance (right paw)
Wands
 F - a wand of flame (8)
 H - a wand of acid (10)
Scrolls
 d - 3 scrolls of noise {unknown}
 e - a scroll of fog {unknown}
 g - 5 scrolls of blinking
 h - 3 scrolls of amnesia {unknown}
 i - 4 scrolls of teleportation
 o - a scroll of holy word
 p - 3 scrolls of immolation {unknown}
 r - 3 scrolls of identify
 x - a scroll of vulnerability {unknown}
 y - 2 scrolls of fear {unknown}
 z - a scroll of enchant armour {unknown}
 B - 2 scrolls of summoning {unknown}
 C - 4 scrolls of silence {unknown}
 G - a scroll of magic mapping {unknown}
Potions
 a - 4 potions of heal wounds
 b - 4 potions of resistance {unknown}
 c - 2 potions of lignification {unknown}
 j - a potion of degeneration {unknown}
 k - 5 potions of curing
 l - 5 potions of might {unknown}
 m - 2 potions of attraction {unknown}
 n - a potion of mutation {unknown}
 s - 3 potions of haste {unknown}
 t - 2 potions of berserk rage
 u - a potion of invisibility {unknown}
 v - a potion of brilliance {unknown}
 w - 2 potions of ambrosia {unknown}
 A - a potion of cancellation {unknown}
 E - a potion of flight {unknown}
 J - a potion of magic {unknown}


   Skills:
 * Level 4.1 Fighting
 + Level 4.6 Dodging
 - Level 2.6 Stealth
 + Level 9.8 Spellcasting
 - Level 3.0 Hexes
 + Level 11.2 Summonings
 + Level 2.4 Air Magic


You had 5 spell levels left.
You knew the following spells:

 Your Spells              Type           Power      Damage    Failure   Level
a - Summon Small Mammal   Summ           100%       N/A       1%          1
b - Call Imp              Summ           53%        N/A       1%          2
c - Call Canine Familiar  Summ           53%        N/A       1%          3
d - Summon Guardian Gole  Hex/Summ       38%        N/A       1%          3
e - Summon Lightning Spi  Summ/Air       37%        N/A       4%          4
f - Summon Ice Beast      Ice/Summ       32%        N/A       7%          4
g - Summon Mana Viper     Hex/Summ       38%        N/A       11%         5

Your spell library contained the following spells:

 Spells                   Type           Power      Damage    Failure   Level
 Sandblast                Erth           18%        2d7       7%          1
 Passwall                 Tmut/Erth      7%         N/A       11%         2
 Gell's Gravitas          Tloc           9%         N/A       22%         3
 Stone Arrow              Conj/Erth      18%        3d8       22%         3
 Teleport Other           Tloc           9%         N/A       22%         3
 Monstrous Menagerie      Summ           26%        N/A       52%         7
 Dispersal                Tloc           4%         N/A       100%        6


Dungeon Overview and Level Annotations

Branches:
Dungeon (10/15)            Temple (0/1) D:5           Sewer (visited)
Ossuary (visited)          Bailey (visited)
   Lair: D:8-11         Orc: D:9-12

Altars:
Cheibriados
Dithmenos
Gozag
Makhleb
Ru
Trog
Vehumet
Yredelemnul

Shops:
D:3 *   D:6 =


Innate Abilities, Weirdness & Mutations

You have sharp claws.
You have razor-sharp teeth.
You have supernaturally acute eyesight. (SInv)
You cover ground quickly. (Speed+)
You are covered in thick fur. (AC +2)
Your paws help you pounce on unaware monsters.
You are incapable of wielding weapons or throwing items.
You cannot wear armour.
You gain extra lives every three experience levels.


Message History

What are your orders? t - Meow!
Orders for allies: a - Attack new target. p - Attack previous target. r - Retreat! s - Stop attacking. g - Guard the area. f - Follow me.
Anything else - Cancel.
Gang up on whom?
Press: ? - help, Dir - move target, f/p - gargoyle
Aim: a gargoyle, wielding a +0 mace (moderately damaged, ally target) Attack!
Your wolf barely misses the gargoyle.
Your crimson imp closely misses the gargoyle.
Your wolf bites the gargoyle.
Your ice beast barely misses the gargoyle.
Casting: Summon Small Mammal (safe; 1% risk of failure)
Confirm with . or Enter, or press ? or * to list all spells.
The spell is quite dangerous to miscast (11% risk of failure)!
Continue anyway?
A mana viper appears with a sibilant hiss.
Your wolf completely misses the gargoyle.
Your wolf bites the gargoyle.
The gargoyle hurls a stone arrow at you.
The stone arrow misses you.
Your wolf bites the gargoyle but does no damage.
Your mana viper bites the gargoyle but does no damage.
Your crimson imp hits the gargoyle but does no damage.
Your ice beast hits the gargoyle but does no damage.
Your wolf bites the gargoyle but does no damage.
Your mana viper bites the gargoyle.
Your mana viper bites the gargoyle but does no damage.
Your mana viper closely misses the gargoyle.
Your wolf barely misses the gargoyle.
The gargoyle hits you with a +0 mace!!
Ouch! That really hurt!
Your mana viper bites the gargoyle but does no damage.
Your crimson imp blinks!
Your mana viper barely misses the gargoyle.
Your wolf bites the gargoyle!
The gargoyle hurls a stone arrow at you.
The stone arrow hits you!!
Ouch! That really hurt!
You die...
Your body crumbles into a pile of gold.

.............#
....!........##
......<.......#
..............##
.....$<........#
...............#
...............#
..>............#
........@.Y....#
#.......5S9....#
##........h...##
##..........####
##.......<.##.#
###.........##
###(.###### ####


You could see a gargoyle (ally target), a friendly mana viper (summoned), a
friendly ice beast (summoned), a friendly wolf (summoned) and a friendly crimson
imp (summoned).

Vanquished Creatures
  A necrophage (D:7)
  An orc wizard (D:3)
  2 bats
  A goblin (D:1)
  3 hobgoblins
  2 jackals (D:1)
  A ball python (D:3)
  A gnoll skeleton (Ossuary)
  2 rats (D:1)
  5 rat skeletons (Ossuary)
19 creatures vanquished.

Vanquished Creatures (collateral kills)
  A deep elf pyromancer (D:9)
  An unseen horror (D:5)
  Sigmund (D:2)
  3 water moccasins
  A hornet zombie (D:8)
  5 orc warriors
  An ice beast (D:8)
  2 necrophages
  A centaur (D:5)
  5 kobold brigands
  A bullfrog (D:8)
  A scorpion (D:4)
  A water moccasin skeleton (D:5)
  3 killer bees (D:9)
  3 wights
  An oklob sapling (D:5)
  3 howler monkeys (D:8)
  A crimson imp (D:6)
  A centaur zombie (D:9)
  A bullfrog zombie (D:5)
  3 hounds (D:5)
  A jelly (D:5)
  An orc priest (D:5)
  5 iguanas
  A bullfrog skeleton (D:3)
  6 centaur skeletons
  10 orc wizards
  13 mummies
  A howler monkey zombie (D:5)
  A howler monkey skeleton (D:6)
  10 adders
  A gnoll (Bailey)
  2 river rats (Sewer)
  A shadow imp (D:5)
  A white imp (D:7)
  An ufetubus (D:5)
  9 worms
  2 dart slugs (D:1)
  19 orcs
  A bat (D:3)
  15 endoplasms
  4 giant cockroaches
  9 goblins
  4 hobgoblins
  2 jackals (D:1)
  A quokka (D:3)
  10 ball pythons
  2 frilled lizards (D:3)
  A gnoll skeleton (Ossuary)
  2 goblin skeletons (Ossuary)
  27 kobolds
  3 kobold skeletons (Ossuary)
  2 kobold zombies (D:4)
  An orc skeleton (Ossuary)
  11 rats
  6 rat skeletons (Ossuary)
226 creatures vanquished.

Vanquished Creatures (others)
  An ugly thing (D:7)
  A troll (D:10)
  A hornet (D:9)
  A steam dragon (D:7)
  A water moccasin (D:7)
  An orc warrior (Bailey)
  3 centaurs
  A kobold brigand (D:6)
  6 wights
  Crazy Yiuf (D:5)
  A hobgoblin (Bailey)
  2 kobolds (D:6)
  6 plants (D:5)
26 creatures vanquished.

Grand Total: 271 creatures vanquished

Notes
Turn   | Place    | Note
-------+----------+-------------------------------------------
     0 | D:1      | ragingrage the Felid Summoner began the quest for the Orb.
     0 | D:1      | Reached XP level 1. HP: 7/7 MP: 4/4
   519 | D:1      | Reached XP level 2. HP: 9/11 MP: 3/6
   691 | D:1      | Found a faded altar of an unknown god.
   751 | D:1      | Learned a level 2 spell: Call Imp
  1788 | D:1      | Reached XP level 3. HP: 14/14 MP: 8/8
  1792 | D:1      | Learned a level 3 spell: Call Canine Familiar
  2300 | D:2      | Found an opulent altar of Gozag.
  2515 | D:2      | Noticed Sigmund
  2524 | D:2      | Killed Sigmund
  2525 | D:2      | Reached skill level 5 in Summonings
  2525 | D:2      | Reached XP level 4. HP: 18/18 MP: 11/11
  2525 | D:2      | Reached XP level 5. HP: 21/21 MP: 12/12
  2852 | D:3      | Found a bloodstained altar of Trog.
  2904 | D:3      | Found Diho's Assorted Antiques.
  2918 | D:3      | Gained mutation: You are covered in thick fur. (AC +2)
                  | [Felid growth]
  2918 | D:3      | Reached XP level 6. HP: 24/24 MP: 13/13
  2927 | D:3      | Reached skill level 6 in Summonings
  3255 | D:3      | Bought a murky brown potion for 22 gold pieces
  3255 | D:3      | Bought a smoky orange potion for 22 gold pieces
  3255 | D:3      | Bought a lumpy white potion for 22 gold pieces
  3616 | D:3      | Found an opulent altar of Gozag.
  3660 | D:3      | Became a worshipper of Gozag Ym Sagoz the Greedy
  3680 | D:3      | Upgraded the game from 0.29-a0-72-g1732ff48e7 to
                  | 0.29-a0-82-g837932c90e
  3681 | D:3      | Upgraded the game from 0.29-a0-82-g837932c90e to
                  | 0.29-a0-88-g03a7b78be7
  3681 | D:3      | Upgraded the game from 0.29-a0-88-g03a7b78be7 to
                  | 0.29-a0-90-gc37658a0fe
  3681 | D:3      | Upgraded the game from 0.29-a0-90-gc37658a0fe to
                  | 0.29-a0-91-gdebf4667c2
  3681 | D:3      | Upgraded the game from 0.29-a0-91-gdebf4667c2 to
                  | 0.29-a0-96-g93358da72b
  3681 | D:3      | Upgraded the game from 0.29-a0-96-g93358da72b to
                  | 0.29-a0-111-gbaf749a769
  3681 | D:3      | Upgraded the game from 0.29-a0-111-gbaf749a769 to
                  | 0.29-a0-113-g078de9bc30
  3960 | D:4      | Found a shadowy altar of Dithmenos.
  3966 | D:4      | Learned a level 3 spell: Summon Guardian Golem
  4226 | D:4      | Found a sand-covered staircase.
  4508 | Ossuary  | Entered an ossuary
  4566 | Ossuary  | Reached skill level 5 in Spellcasting
  4754 | Ossuary  | Reached XP level 7. HP: 27/27 MP: 15/15
  5485 | D:4      | Reached skill level 7 in Summonings
  5491 | D:4      | Learned a level 4 spell: Summon Lightning Spire
  5600 | D:4      | Identified the +7 hand axe of Zin's Approval {antimagic,
                  | rF+ Str+3 Int-4}
  5607 | D:4      | You fall into a shaft and drop 3 floors!
  5856 | D:7      | Noticed a white ugly thing
  5867 | D:7      | Killed a white ugly thing
  5868 | D:7      | Reached skill level 8 in Summonings
  5868 | D:7      | Reached XP level 8. HP: 31/31 MP: 12/19
  6883 | D:6      | Found a glowing drain.
  6945 | Sewer    | Entered a sewer
  7217 | Sewer    | Reached skill level 9 in Summonings
  7504 | D:6      | Found a snail-covered altar of Cheibriados.
  7695 | D:6      | Reached XP level 9. HP: 34/34 MP: 22/22
  7736 | D:6      | Found a burning altar of Makhleb.
  7738 | D:6      | Found a radiant altar of Vehumet.
  8083 | D:6      | Found Riki's Jewellery Shoppe.
  8086 | D:6      | Bought an amulet of magic regeneration for 300 gold pieces
  8575 | D:5      | Entered Level 5 of the Dungeon
  8924 | D:5      | Reached skill level 10 in Summonings
  9361 | D:5      | Found a staircase to the Ecumenical Temple.
  9598 | D:5      | Noticed an unseen horror
 10051 | D:5      | Found a sacrificial altar of Ru.
 10085 | D:5      | Killed an unseen horror
 10409 | D:5      | Found a runed translucent door.
 10411 | D:5      | Noticed Crazy Yiuf
 10427 | D:5      | Killed Crazy Yiuf
 11141 | D:8      | Found a basalt altar of Yredelemnul.
 11202 | D:8      | Reached skill level 1 in Fighting
 11202 | D:8      | Reached skill level 1 in Hexes
 11316 | D:8      | Reached XP level 10. HP: 29/39 MP: 24/24
 11556 | D:8      | Reached skill level 1 in Air Magic
 11923 | D:8      | Reached skill level 11 in Summonings
 12067 | D:8      | Noticed a cyclops
 12070 | D:8      | Hit by a large rock thrown by a cyclops
 12071 | D:8      | Reached XP level 9. HP: -13/37 MP: 31/32
 12251 | D:8      | Hit by a large rock thrown by a cyclops
 12252 | D:8      | Reached XP level 8. HP: -11/34 MP: 26/31
 12270 | D:9      | Upgraded the game from 0.29-a0-113-g078de9bc30 to
                  | 0.29-a0-872-g797fff5ad1
 12596 | D:9      | Noticed a hornet
 12619 | D:9      | Killed a hornet
 12746 | D:9      | Found a flagged portal.
 12816 | Bailey   | Entered a bailey
 12830 | Bailey   | Learned a level 4 spell: Summon Ice Beast
 13190 | Bailey   | Noticed an orc knight
 13205 | Bailey   | Noticed an orc high priest
 13211 | Bailey   | Noticed a sun demon
 13213 | Bailey   | Noticed a smoke demon
 13308 | Bailey   | Noticed an ice devil
 13412 | D:9      | Reached XP level 9. HP: 38/38 MP: 23/23
 13705 | D:9      | Noticed a deep elf pyromancer
 13718 | D:9      | Learned a level 5 spell: Summon Mana Viper
 13882 | D:9      | Killed a deep elf pyromancer
 14190 | D:10     | Entered Level 10 of the Dungeon
 14190 | D:10     | Noticed a troll
 14206 | D:10     | Killed a troll
 14334 | D:10     | Noticed a gargoyle
 14359 | D:10     | Killed from afar by a gargoyle

Illustrated notes

Levels and vault maps discovered:
D:1:      minmay_arrival_doors, layout_loops_ring,
          hellmonk_ecumenical_altar_lost_god
D:2:      layout_rooms, basic_altar, grunt_ministairs_10, uniq_sigmund
D:3:      layout_loops_cross, bloody_trog,
          mainiacjoe_overflow_concentric_impassable, serial_shops, shop,
          minmay_box_of_dots
D:4:      layout_gridville, nicolae_dithmenos_the_darkroom,
          nicolae_ossuary_entry_giza
D:5:      minmay_bubble_buster, layout_basic, kennysheep_mini_moat,
          minmay_temple_entry_oklob, uniq_crazy_yiuf_cottage
D:6:      cheibrodos_quashed, layout_basic,
          grunt_temple_overflow_lords_of_destruction, slow_altar_1,
          serial_shops, kennysheep_mini, portal_sewer_entry_c
D:7:      layout_basic, kennysheep_generic_room_8
D:8:      layout_basic, mainiacjoe_overflow_small_starburst,
          nicolae_two_hexagons, st_stairs_12, small_chamber_with_monster,
          minivault_19
D:9:      layout_basic, enter_bailey_6
D:10:     layout_layer_cave, special_room [special_room_orc], minmay_st_funbox

Skill      XL: |  1  2  3  4  5  6  7  8  9 10 |
---------------+-------------------------------+-----
Spellcasting   | 4 5 6 8 9 |  9.8
Summonings     | 5 6 8 9 10 11 | 11.2
Fighting       | 3 4 2 |  4.1
Hexes          | 3 1 2 |  3.0
Dodging        | 4 3 |  4.6
Air Magic      | 2 1 |  2.4
Stealth        | |  2.6

Action                   |  1- 3 |  4- 6 |  7- 9 | 10-12 || total
-------------------------+-------+-------+-------+-------++-------
Melee: Unarmed           |    35 |    27 |    29 |       ||    91
       Bite              |     1 |     8 |     4 |       ||    13
       Punch             |       |     1 |       |       ||     1
 Cast: Summon Small Mamm |    38 |    34 |    39 |     7 ||   118
       Call Imp          |    14 |    20 |    43 |     4 ||    81
       Call Canine Famil |     1 |    13 |    72 |     4 ||    90
       Summon Guardian G |       |       |    31 |     7 ||    38
       Summon Lightning  |       |       |     7 |       ||     7
       Summon Mana Viper |       |       |     3 |       ||     3
       Summon Ice Beast  |       |       |     2 |       ||     2
  Use: Scroll            |       |     1 |     5 |       ||     6
       Potion            |       |       |     2 |       ||     2
 Stab: Sleeping          |     1 |       |       |       ||     1
       Distracted        |     1 |       |       |       ||     1
Armor: Skin              |     4 |     3 |     9 |     2 ||    18
Dodge: Dodged            |    46 |    18 |    83 |     1 ||   148

Table legend: (Time is in decaauts)
 A = Elapsed time spent in this place.
 B = Non-inter-level travel time spent in this place.
 C = Inter-level travel time spent in this place.
 D = Time resting spent in this place.
 E = Time spent auto-exploring this place.
 F = Levels seen in this place.
 G = Mean time per level.
                   A        B        C        D        E       F      G
               +--------+--------+--------+--------+--------+-----+--------+
         Total |  13121 |  12910 |    211 |   3466 |   6304 |  13 | 1009.3 |
       Dungeon |  11307 |  11096 |    211 |   3081 |   5605 |  10 | 1130.7 |
         Sewer |    472 |    472 |      0 |      0 |    244 |   1 |  472.0 |
       Ossuary |    884 |    884 |      0 |    178 |    401 |   1 |  884.0 |
        Bailey |    457 |    457 |      0 |    206 |     51 |   1 |  457.0 |
               +--------+--------+--------+--------+--------+-----+--------+

Top non-repeatable levels by time:
     D:1: 2099 daAuts
     D:5: 1895 daAuts
     D:9: 1249 daAuts
     D:7: 1238 daAuts
     D:8: 1205 daAuts
     D:6: 1191 daAuts
     D:3: 976 daAuts
 Ossuary: 884 daAuts
     D:4: 752 daAuts
     D:2: 535 daAuts
   Sewer: 472 daAuts
  Bailey: 457 daAuts
    D:10: 163 daAuts
